 Dungeon Crawl Stone Soup version 0.19-a0-1889-g9c603be (webtiles) character file.

53 vev the Insei (level 3, 0/23 HPs)
             Began as a Tengu Abyssal Knight on Oct 17, 2016.
             Was a Believer of Lugonu.
             Slain by a hobgoblin
             ... wielding a +0 club
              (3 damage)
             ... on level 3 of the Dungeon.
             The game lasted 00:05:55 (1282 turns).

vev the Insei (Tengu Abyssal Knight)                Turns: 1282, Time: 00:05:55

Health: 0/23       AC:  3    Str: 12    XL:     3   Next: 89%
Magic:  5/5        EV: 12    Int: 12    God:    Lugonu [**....]
Gold:   96         SH:  0    Dex: 14    Spells: 0 memorised, 2 levels left

rFire  + . .     SeeInvis .       - Unarmed
rCold  . . .     Gourm    .     a - +0 leather armour
rNeg   . . .     Faith    .     (no shield)
rPois  .         Spirit   .     (helmet restricted)
rElec  .         Reflect  .     (no cloak)
rCorr  .         Harm     .     (no gloves)
MR     .....                    (boots unavailable)
Stlth  +.........               (no amulet)
                                (no ring)
                                n - ring of protection from fire

@: no status effects
A: beak, talons 3
a: Depart the Abyss, Bend Space, Renounce Religion


You were on level 3 of the Dungeon.
You worshipped Lugonu.
Lugonu was pleased with you.
You were not hungry.

You visited 1 branch of the dungeon, and saw 3 of its levels.
You visited the Abyss 1 time.

You collected 96 gold pieces.

Inventory:

Armour
 a - a +0 leather armour (worn)
Jewellery
 n - a ring of protection from fire (left hand)
Scrolls
 d - 3 scrolls of enchant weapon {unknown}
 e - a scroll of amnesia {unknown}
 h - a scroll of remove curse {unknown}
 i - a scroll of fear {unknown}
 l - a scroll of teleportation {unknown}
Potions
 g - a potion of lignification {unknown}
 j - a potion of curing {unknown}
 k - a potion of magic {unknown}
 m - 3 potions of heal wounds {unknown}
Comestibles
 b - 2 bread rations
 c - 3 chunks of flesh
 f - 2 beef jerkies
 o - a slice of pizza


   Skills:
 + Level 3.2 Fighting
 - Level 2.3 Armour
 + Level 1.9 Dodging
 + Level 0.0 Stealth
 * Level 3.3 Unarmed Combat
 + Level 2.1 Invocations


You had 2 spell levels left.
You didn't know any spells.

Dungeon Overview and Level Annotations

Branches:
Dungeon (3/15)

Altars:


Innate Abilities, Weirdness & Mutations

You have a beak for a mouth.
You have claws for feet.


Message History

The kobold is severely wounded.
You hit the kobold.
You kill the kobold!
Lugonu accepts your kill.
A hobgoblin comes into view. It is wielding a club.
You see here a short sword.
Okay, then.
You closely miss the hobgoblin. The hobgoblin hits you with a club.
* * * LOW HITPOINT WARNING * * *
You hit the hobgoblin. Your kick misses the hobgoblin.
The hobgoblin is severely wounded.
The hobgoblin closely misses you.
You hit the hobgoblin but do no damage.
The hobgoblin is severely wounded.
You closely miss the hobgoblin.
You claw the hobgoblin, but do no damage.
You peck the hobgoblin, but do no damage.
The hobgoblin is severely wounded.
The hobgoblin hits you with a club.
You die...

#.# #.# #.#
#.# #.# #.#
#.#########
#<)@g......
#####.#####
.. ##


You could see a hobgoblin.

Vanquished Creatures
  An adder (D:2)
  A leopard gecko (D:2)
  4 giant cockroaches
  6 goblins
  6 hobgoblins (D:1)
  2 jackals (D:1)
  5 kobolds
  A quokka (D:2)
  8 bats
  A frilled lizard (D:1)
  4 rats
39 creatures vanquished.

Notes
Turn   | Place    | Note
-------+----------+-------------------------------------------
     0 | Abyss:1  | vev the Tengu Abyssal Knight began the quest for the Orb.
     0 | Abyss:1  | Reached XP level 1. HP: 14/14 MP: 3/3
    21 | D:1      | Escaped the Abyss
   283 | D:1      | Reached XP level 2. HP: 19/19 MP: 4/4
   693 | D:2      | Reached XP level 3. HP: 19/23 MP: 5/5
   757 | D:2      | Reached ** piety under Lugonu
  1043 | D:1      | Reached skill level 3 in Unarmed Combat
  1065 | D:1      | Reached skill level 2 in Invocations
  1282 | D:3      | Slain by a hobgoblin

Vault maps used:
D:1:      dpeg_arrival_boxes_within_box
D:2:      first_bread
D:3:      grunt_temple_overflow_diamond

Skill      XL: |  1  2  3 |
---------------+----------+-----
Unarmed Combat | 3 |  3.3
Invocations    | 2 |  2.1
Fighting       | |  3.2
Armour         | |  2.3
Dodging        | |  1.9

Action                   || total
-------------------------++-------
Melee: Unarmed           ||   128
       Kick              ||    27
       Peck              ||    20
 Stab: Sleeping          ||     1
  Eat: Chunk             ||     1
Armor: Leather armour    ||    32
Dodge: Dodged            ||    81
